 Dungeon Crawl Stone Soup version 0.30.1-3-gfc49f6343a (webtiles) character file.

Game seed: 1618128523440452947

25 Peloso the Covered (level 2, 27/27 HPs)
             Began as a Minotaur Fighter on July 26, 2023.
             Got out of the dungeon alive.
             The game lasted 00:01:17 (1015 turns).

Peloso the Covered (Minotaur Fighter)               Turns: 1015, Time: 00:01:17

Health: 27/27      AC:  7    Str: 20    XL:     2   Next: 86%
Magic:  1/1        EV:  9    Int:  5    God:
Gold:   37         SH:  4    Dex:  7    Spells: 1/1 levels left

rFire   . . .        a - +0 long sword
rCold   . . .        c - +0 buckler
rNeg    . . .        b - +0 scale mail
rPois   .            (helmet restricted)
rElec   +            (no cloak)
rCorr   .            (no gloves)
SInv    .            (no boots)
Will    +....        (no amulet) Stlth
                     e - ring of willpower
HPRegen 0.24/turn    (no ring)
MPRegen 0.07/turn

%: no passive effects
@: no status effects
A: horns 2, retaliatory headbutt, hooves 2, clumsy 1, electricity resistance
a: no special abilities


You escaped.
You visited 1 branch of the dungeon, and saw 1 of its levels.

You collected 37 gold pieces.

Inventory:

Hand Weapons
 a - a +0 long sword (weapon)
Armour
 b - a +0 scale mail (worn)
 c - a +0 buckler (worn)
Jewellery
 e - a ring of willpower (left hand)
 l - an amulet of magic regeneration
 m - a +5 ring of evasion
 n - a ring of flight
Scrolls
 f - a scroll of torment {unknown}
 h - a scroll of silence {unknown}
 i - 4 scrolls of identify {unknown}
 j - a scroll of blinking {unknown}
 o - a scroll of enchant weapon {unknown}
Potions
 d - a potion of might
 g - a potion of curing {unknown}


   Skills:
 + Level 4.0 Fighting
 + Level 2.9 Long Blades
 + Level 4.1 Armour
 + Level 4.0 Shields


You had one spell level left.
You didn't know any spells.
Your spell library was empty.

Dungeon Overview and Level Annotations

Branches:
Dungeon (1/15)

Altars:


Innate Abilities, Weirdness & Mutations

You have a pair of horns on your head.
You reflexively headbutt those who attack you in melee.
You have hoof-like feet.
You are clumsy. (Dex -2)
You are resistant to electric shocks. (rElec)


Message History

You slash the hobgoblin!
You kill the hobgoblin!
Your Shields skill increases to level 4!
Found a smoky inky potion.
You block the kobold's attack.
You barely miss the kobold. The kobold closely misses you.
You closely miss the kobold. The kobold completely misses you.
You closely miss the kobold.
The kobold hits you but does no damage. x2
You closely miss the kobold. The kobold hits you but does no damage.
You hit the kobold.
You kill the kobold!
You see here a +0 short sword.
p - a smoky inky potion It was a potion of berserk rage.
A red film seems to cover your vision as you go berserk!
You feel yourself moving faster!
You feel mighty!
You feel a strong urge to attack something.
You feel your anger nearly subside.
You are no longer berserk.
You are exhausted.
You feel yourself slow down.
It was a potion of mutation.
You feel extremely strange.
You feel clumsy.
You feel insulated.
Your feet thicken and deform. x2
(D) Dungeon
Where to? (? - help)
What level of the Dungeon? (default 1, ? - help)
There is a fountain of clear blue water here.
You feel yourself speed up.
You recover from your berserk rage.
You see here a +0 short sword.
There is an open door here.
There is an open door here.
You enter the shallow water.
Moving in this stuff is going to be slow.
There is an open gate here.
There is an open door here.
There is an open door here.
There is a staircase leading out of the dungeon here.
Are you sure you want to leave the Dungeon?
This will make you lose the game!
You have escaped!

#.................#....###...(...
+..................⌠.............
#.........##.#....#..######......
##$......###........## #......
##.....## #####.#### #...♣..
##...## #.# ##.###. ##+## #.#
#..... ############# #.####
######.....@.....######...#
#####.....................#####
##...........###'###...........##
......##'###'##...##'###'##......
...#'##...#...#.>.#...#...##'#...
.###..#...#...#...#...#)..#..###.
'##...#...##.#######.##...#...##'
..#...#...##'#..P..####...#...#..
..#...#...##.........##...#§§.#..


There were no monsters in sight!

Vanquished Creatures
  A dart slug (D:1)
  A bat (D:1)
  An endoplasm (D:1)
  3 giant cockroaches (D:1)
  4 hobgoblins (D:1)
  4 quokkas (D:1)
  A ball python (D:1)
  3 frilled lizards (D:1)
  2 kobolds (D:1)
20 creatures vanquished.

Notes
Turn   | Place    | Note
-------+----------+-------------------------------------------
     0 | D:1      | Peloso the Minotaur Fighter began the quest for the Orb.
     0 | D:1      | Reached XP level 1. HP: 19/19 MP: 0/0
   261 | D:1      | Reached XP level 2. HP: 21/27 MP: 1/1
   703 | D:1      | Found a faded altar of an unknown god.
   912 | D:1      | Gained mutation: You are clumsy. (Dex -2) [potion of
                  | mutation]
   912 | D:1      | Gained mutation: You are resistant to electric shocks.
                  | (rElec) [potion of mutation]
   912 | D:1      | Gained mutation: You have large cloven feet. [potion of
                  | mutation]
   912 | D:1      | Gained mutation: You have hoof-like feet. [potion of
                  | mutation]
  1015 | D:$      | Got out of the dungeon alive.

Illustrated notes

Levels and vault maps discovered:
D:1:      dpeg_arrival_water_fire, layout_loops_corners,
          hellmonk_ecumenical_altar_arch_garden, hangedman_feature_mirror,
          nrook_mini_vaults

Skill      XL: |  1  2 |
---------------+-------+-----
Armour         | 4 |  4.1
Fighting       | 4 |  4.0
Shields        | 4 |  4.0
Long Blades    | |  2.9

Action                     || total
---------------------------++-------
  Melee: Long sword        ||    48
         Headbutt          ||     6
    Use: Potion            ||     2
 Armour: Scale mail        ||    27
  Dodge: Dodged            ||    29
  Block: Buckler           ||     4
